 Dungeon Crawl Stone Soup version 0.22.1-1-ga44c0e5 (webtiles) character file.

15361528 Nebukadnezar the Bringer of Light (level 27, 245/272 (273) HPs)
             Began as a Human Artificer on Oct 4, 2018.
             Was the Champion of the Shining One.
             Escaped with the Orb
             ... and 15 runes on Oct 7, 2018!
             The game lasted 16:44:43 (102378 turns).

Nebukadnezar the Bringer of Light (HuAr)          Turns: 102378, Time: 16:44:43

HP:   245/272 (273) AC: 28    Str: 25    XL:     27
MP:   29/45         EV: 25    Int: 23    God:    the Shining One [******]
Gold: 3794          SH: 28    Dex: 16    Spells: 11/46 levels left

rFire    + + +     SeeInvis +   a - +9 broad axe (holy)
rCold    + . .     Gourm    .   j - +5 shield
rNeg     + + +     Faith    .   A - +8 fire dragon scales {Xtahua}
rPois    +         Spirit   .   c - +0 mask of the Dragon {MR+ Slay+3 SInv}
rElec    +         Reflect  +   k - +0 cloak of Integrity {Regen+ MP-9 Str+3}
rCorr    .         Harm     .   C - +0 pair of gloves of the Accordion {rElec rF- rC+ Int+2}
MR       +++..                  L - +2 pair of boots
Stlth    +.........             s - amulet of the Villain {Reflect MP+9 Int+2 Slay+2 SH+3}
HPRegen  0.95/turn              o - ring "Daubbirgh" {rPois rF+ rC+}
MPRegen  0.29/turn              w - ring "Mafixun" {rF+ rN+ MP+9 Int+4}

@: mildly poisoned (245 -> 245), hasted (expiring), glowing, deflect missiles,
very quick
A: beak, talons 1, large bone plates 1, thin skeletal structure 1, deformed
body, low mp 1, poison resistance, robust 1, screaming 1
0: Orb of Zot
}: 15/15 runes: barnacled, slimy, silver, golden, iron, obsidian, icy, bone,
abyssal, demonic, glowing, magical, fiery, dark, gossamer
a: Divine Shield, Cleansing Flame, Summon Divine Warrior, Renounce Religion


You escaped.
You worshipped the Shining One.
The Shining One was exalted by your worship.
You were full.

You visited 18 branches of the dungeon, and saw 89 of its levels.
You visited Pandemonium 1 time, and saw 16 of its levels.
You visited the Abyss 2 times.
You visited 1 bazaar.
You visited 1 ziggurat, and saw 8 of its levels.
You also visited: Ice Cave and Wizlab.

You collected 13307 gold pieces.
You spent 9513 gold pieces at shops.

Inventory:

Hand Weapons
 a - a +9 broad axe of holy wrath (weapon)
 b - a +9 broad axe of freezing
 B - a +9 blowgun
Missiles
 h - 17 throwing nets (quivered)
 q - 21 poisoned javelins
 v - 16 javelins of penetration
 R - 15 needles of paralysis
 Z - 4 silver javelins
Armour
 c - the +0 mask of the Dragon (worn) {MR+ Slay+3 SInv}
   (You bought it in a shop on level 1 of the Depths)

   It affects your accuracy and damage with ranged weapons and melee attacks
   (+3).
   It affects your resistance to hostile enchantments.
   It lets you see invisible.
 j - a +5 shield (worn)
 k - the +0 cloak of Integrity (worn) {Regen+ MP-9 Str+3}
   (You bought it in a shop on level 1 of the Depths)

   It affects your strength (+3).
   It affects your magic capacity (-9).
   It increases your rate of regeneration.
 A - +8 fire dragon scales (worn) {Xtahua}
 C - the +0 pair of gloves of the Accordion (worn) {rElec rF- rC+ Int+2}
   (You acquired it on level 1 of the Lair of Beasts)

   It affects your intelligence (+2).
   It makes you vulnerable to fire.
   It protects you from cold.
   It insulates you from electricity.
 L - a +2 pair of boots (worn)
Jewellery
 o - the ring "Daubbirgh" (left hand) {rPois rF+ rC+}
   (You bought it in a shop on level 1 of the Orcish Mines)

   [ring of poison resistance]

   It protects you from fire.
   It protects you from cold.
   It protects you from poison.
 s - the amulet of the Villain (around neck) {Reflect MP+9 Int+2 Slay+2 SH+3}
   (You found it on level 6 of the Lair of Beasts)

   [amulet of reflection]

   It shields you and reflects attacks.
   It affects your intelligence (+2).
   It affects your accuracy and damage with ranged weapons and melee attacks
   (+2).
   It affects your magic capacity (+9).
   It affects your SH (+3).
 w - the ring "Mafixun" (right hand) {rF+ rN+ MP+9 Int+4}
   (You took it off a tengu reaver on level 5 of the Vaults)

   [ring of magical power]

   It affects your intelligence (+4).
   It protects you from fire.
   It protects you from negative energy.
   It affects your magic capacity (+9).
 J - the ring of Phasing {EV+8}
   (You found it on level 3 of the Vaults)

   [ring of evasion]

   It affects your evasion (+8).
 O - an uncursed ring of resist corrosion
Wands
 u - a wand of acid (43)
 y - a wand of digging (58)
 F - a wand of paralysis (65)
 K - a wand of iceblast (27)
 N - a wand of scattershot (6)
 U - a wand of disintegration (6)
Scrolls
 g - 2 scrolls of vulnerability
 l - 17 scrolls of identify
 p - 4 scrolls of fog
 x - 21 scrolls of teleportation
 G - 6 scrolls of summoning
 Y - 6 scrolls of blinking
Potions
 i - 3 potions of heal wounds
 n - 2 potions of agility
 z - 9 potions of ambrosia
 D - 14 potions of cancellation
 E - 9 potions of curing
 H - 9 potions of brilliance
 M - 5 potions of lignification
 P - 15 potions of magic
 T - 4 potions of might
 V - a potion of resistance
 W - a potion of mutation
 X - 5 potions of haste
Miscellaneous
 d - a fan of gales
 e - a lightning rod (4/4)
 m - 9 sacks of spiders
 r - a phial of floods
 t - 4 boxes of beasts
 Q - a figurine of a ziggurat
 S - a lamp of fire
Comestibles
 f - 46 rations


   Skills:
 O Level 27 Fighting
   Level 4.0 Short Blades
 + Level 22.5(22.6) Axes
   Level 5.5(16.1) Maces & Flails
   Level 12.0(14.7) Slings
 - Level 14.4(16.0) Throwing
 + Level 22.9 Armour
 + Level 21.3 Dodging
 - Level 15.0 Stealth
 + Level 18.7 Shields
 - Level 10.0 Spellcasting
 - Level 2.3 Hexes
 - Level 12.1 Charms
 - Level 13.0 Summonings
   Level 7.1 Necromancy
 - Level 10.0 Translocations
 - Level 12.1 Air Magic
 - Level 9.0 Earth Magic
 O Level 27 Invocations
 - Level 12.0 Evocations


You had 11 spell levels left.
You knew the following spells:

 Your Spells              Type           Power        Failure   Level  Hunger
a - Summon Butterflies    Summ           ######..     1%          1    None
b - Blink                 Tloc           N/A          1%          2    None
c - Passwall              Tmut/Erth      ####....     2%          2    None
d - Passage of Golubria   Tloc           N/A          1%          4    #......
e - Aura of Abjuration    Summ           ######....   1%          5    ####...
f - Deflect Missiles      Chrm/Air       ######....   10%         6    ######.
g - Song of Slaying       Chrm           ######..     1%          2    None
h - Portal Projectile     Hex/Tloc       #####.       2%          3    None
i - Shroud of Golubria    Chrm/Tloc      ######....   1%          2    None
j - Summon Lightning Spi  Summ/Air       ######..     1%          4    #......
k - Apportation           Tloc           ######       1%          1    None
l - Lesser Beckoning      Tloc           ######....   1%          3    None

Your spell library contained the following spells:

 Spells                   Type           Power        Failure   Level  Hunger
 Animate Skeleton         Necr           N/A          1%          1    None
 Infusion                 Chrm           ####         1%          1    None
 Pain                     Necr           ####         1%          1    None
 Sandblast                Erth           ######       1%          1    None
 Shock                    Conj/Air       ####         1%          1    None
 Summon Small Mammal      Summ           ####         1%          1    None
 Call Imp                 Summ           ######..     1%          2    None
 Corpse Rot               Necr           N/A          1%          2    None
 Poisonous Vapours        Pois/Air       #####.       1%          2    None
 Sublimation of Blood     Necr           #####.....   1%          2    None
 Swiftness                Chrm/Air       ######..     1%          2    None
 Call Canine Familiar     Summ           ######..     1%          3    None
 Gell's Gravitas          Tloc           ######....   1%          3    None
 Recall                   Summ/Tloc      N/A          1%          3    None
 Regeneration             Chrm/Necr      ######....   1%          3    None
 Spectral Weapon          Hex/Chrm       #####...     1%          3    None
 Summon Guardian Golem    Hex/Summ       #####...     1%          3    None
 Vampiric Draining        Necr           #####.....   1%          3    None
 Airstrike                Air            ######....   1%          4    #......
 Summon Demon             Summ           ######....   1%          5    ####...
 Static Discharge         Conj/Air       #####...     2%          3    None
 Summon Forest            Summ/Tloc      ######....   2%          5    ####...
 Confusing Touch          Hex            ###...       3%          1    None
 Corona                   Hex            ###....      3%          1    None
 Stone Arrow              Conj/Erth      ####..       4%          3    None
 Animate Dead             Necr           N/A          4%          4    #......
 Excruciating Wounds      Chrm/Necr      ######....   4%          5    ####...
 Slow                     Hex            ###.....     5%          2    None
 Mephitic Cloud           Conj/Pois/Air  ####....     5%          3    None
 Summon Ice Beast         Ice/Summ       #####...     6%          4    #......
 Lee's Rapid Deconstruct  Erth           ######....   6%          5    ####...
 Shadow Creatures         Summ           N/A          7%          6    ######.
 Ensorcelled Hibernation  Hex/Ice        ###...       9%          2    None
 Leda's Liquefaction      Hex/Erth       #####.....   9%          4    #......
 Beastly Appendage        Tmut           ##....       10%         1    None
 Flame Tongue             Conj/Fire      ##...        10%         1    None
 Magic Dart               Conj           ##..         10%         1    None
 Sting                    Conj/Pois      ##..         10%         1    None
 Borgnjor's Vile Clutch   Necr/Erth      #####.....   10%         5    ####...
 Confuse                  Hex            ###.....     11%         3    None
 Tukima's Dance           Hex            ###.....     11%         3    None
 Summon Mana Viper        Hex/Summ       #####...     11%         5    ####...
 Force Lance              Conj/Tloc      ####....     12%         4    #......
 Silence                  Hex/Air        #####.....   13%         5    ####...
 Searing Ray              Conj           ##....       14%         2    None
 Sticks to Snakes         Tmut           ##......     14%         2    None
 Throw Flame              Conj/Fire      ##....       14%         2    None
 Throw Frost              Conj/Ice       ##....       14%         2    None
 Petrify                  Tmut/Erth      ####....     14%         4    #......
 Agony                    Necr           #####...     14%         5    ####...
 Dispel Undead            Necr           #####...     14%         5    ####...
 Dazzling Spray           Conj/Hex       ###...       17%         3    None
 Inner Flame              Hex/Fire       ###.....     17%         3    None
 Lightning Bolt           Conj/Air       #####.....   22%         5    ####...
 Dispersal                Tloc           ######....   24%         6    ######.
 Conjure Flame            Conj/Fire      ##......     28%         3    None
 Ignite Poison            Fire/Tmut/Pois ##......     28%         3    None
 Spider Form              Tmut/Pois      ##........   28%         3    None
 Cause Fear               Hex            ###.......   34%         4    #......
 Monstrous Menagerie      Summ           ######....   36%         7    #######
 Summon Greater Demon     Summ           ######....   36%         7    #######
 Summon Hydra             Summ           ######....   36%         7    #######
 Fulminant Prism          Conj/Hex       ###.......   50%         4    #......
 Bolt of Draining         Conj/Necr      ####......   52%         5    ####...
 Malign Gateway           Summ/Tloc      ######....   56%         7    #######
 Bolt of Magma            Conj/Fire/Erth ####......   58%         5    ####...
 Death Channel            Necr           #####.....   58%         6    ######.
 Ice Form                 Ice/Tmut       ##......     67%         4    #......
 Iskenderun's Mystic Bla  Conj           ##......     67%         4    #......
 Olgreb's Toxic Radiance  Pois           ##......     67%         4    #......
 Sticky Flame             Conj/Fire      ##......     67%         4    #......
 Haunt                    Necr/Summ      ######....   77%         7    #######
 Metabolic Englaciation   Hex/Ice        ###.......   85%         5    ####...
 Yara's Violent Unravell  Hex/Tmut       ###.......   85%         5    ####...
 Iron Shot                Conj/Erth      ####......   92%         6    ######.
 Alistair's Intoxication  Tmut/Pois      ##......     95%         5    ####...
 Blade Hands              Tmut           ##........   95%         5    ####...
 Fireball                 Conj/Fire      ##........   95%         5    ####...
 Irradiate                Conj/Tmut      ##........   95%         5    ####...
 Venom Bolt               Conj/Pois      ##........   95%         5    ####...
 Freezing Cloud           Conj/Ice/Air   ####......   95%         6    ######.
 Summon Horrible Things   Summ           ######....   96%         8    #######
 Simulacrum               Ice/Necr       ####......   97%         6    ######.
 Darkness                 Hex            ###.......   99%         6    ######.
 Invisibility             Hex            ###.....     99%         6    ######.
 Bolt of Cold             Conj/Ice       ##........   100%        6    ######.
 Bolt of Fire             Conj/Fire      ##........   100%        6    ######.
 Hydra Form               Tmut           ##........   100%        6    ######.
 Ozocubu's Refrigeration  Ice            ##........   100%        6    ######.
 Poison Arrow             Conj/Pois      ##........   100%        6    ######.
 Dragon Form              Tmut           ##........   100%        7    #######
 Ring of Flames           Chrm/Fire      #####.....   100%        7    #######
 Borgnjor's Revivificati  Necr           #####.....   100%        8    #######
 Chain Lightning          Conj/Air       #####.....   100%        8    #######
 Controlled Blink         Tloc           N/A          100%        8    #######
 Death's Door             Chrm/Necr      ######....   100%        8    #######
 Discord                  Hex            ###.......   100%        8    #######
 Disjunction              Tloc           ######....   100%        8    #######
 Ignition                 Fire           ##........   100%        8    #######
 Infestation              Necr           #####.....   100%        8    #######
 Lehudib's Crystal Spear  Conj/Erth      ####......   100%        8    #######
 Necromutation            Tmut/Necr      ####......   100%        8    #######
 Dragon's Call            Summ           ######....   100%        9    #######
 Fire Storm               Conj/Fire      ##........   100%        9    #######
 Glaciate                 Conj/Ice       ##........   100%        9    #######
 Shatter                  Erth           ######....   100%        9    #######
 Tornado                  Air            ######....   100%        9    #######


Dungeon Overview and Level Annotations

Branches:
Dungeon (15/15)            Temple (1/1) D:7            Lair (6/6) D:11
 Shoals (4/4) Lair:2       Spider (4/4) Lair:4        Slime (5/5) Lair:6
    Orc (2/2) D:12            Elf (3/3) Orc:2        Vaults (5/5) D:13
  Crypt (3/3) Vaults:3       Tomb (3/3) Crypt:3      Depths (5/5) D:15
   Hell (1/1)                 Dis (7/7) Hell            Geh (7/7) Hell
    Coc (7/7) Hell            Tar (7/7) Hell            Zot (5/5) Depths:5

Altars:
Ashenzari
Dithmenos
Fedhas
Gozag
Kikubaaqudgha
Makhleb
Nemelex Xobeh
Okawaru
Qazlal
Ru
Sif Muna
Trog
Xom
Yredelemnul
The Shining One
Beogh
Jiyva

Shops:
D:6 (   Orc:1 ?(=   Orc:2 *[(:(   Vaults:2 [   Vaults:3 =   Vaults:4 :(
Vaults:5 !   Depths:1 }[([   Depths:2 [   Depths:3 =

Portals:
Hell: Depths:1 Depths:2 Depths:3 Depths:4 Depths:5
Abyss: Depths:1 Depths:4
Pandemonium: Depths:3 Depths:4 Depths:5

Annotations:
Geh:3 5 runed doors


Innate Abilities, Weirdness & Mutations

You have a beak for a mouth.
You have sharp toenails.
You are partially covered in large bone plates. (SH +4)
You have a somewhat thin skeletal structure. (Dex +2, Stealth)
Armour fits poorly on your strangely shaped body.
Your magical capacity is low. (-10% MP)
Your system is resistant to poisons. (rPois)
You are robust. (+10% HP)
You occasionally shout uncontrollably at your foes.


Message History

You swap places.
Your aura of abjuration expires.
You feel sick.
You feel sick.
You feel sick.
You feel sick.
You feel sick.
You feel sick.
You feel sick.
You feel sick.
You feel sick.
You feel sick.
You feel sick.
You feel sick.
You feel sick.
You feel sick.
Your extra speed is starting to run out.
You feel sick.
There is a staircase leading out of the dungeon here.
You have escaped!

##..#.##....##
##>..........
#....####[#..##
##......###.
####.#### #..##..#
#......###รท
......# ##..###.#
#.......##.
.#.#.#####...##..#
#.......##. .##.##
#..####..##
#.......##. ...##
#.## ##.##
#.......##. ##.#
### #..#
#.......##. ###
##@# ##########.
### ##


There were no monsters in sight!

Vanquished Creatures
  Cerebov (Pan)
  Antaeus (Coc:7)
  Asmodeus (Geh:7)
  the Royal Jelly (Slime:5)
  2 pandemonium lords (D:1)
  Ereshkigal (Tar:7)
  Gloorx Vloq (Pan)
  the Serpent of Hell (Dis:7)
  Mnoleg (Pan)
  Tiamat (Zot:3)
  Lom Lobon (Pan)
  6 ancient liches
  Khufu (Crypt:2)
  Dispater (Dis:7)
  5 orbs of fire
  Mara (Vaults:3)
  A juggernaut (shapeshifter) (Vaults:3)
  A juggernaut (Depths:3)
  Sojobo (Depths:4)
  11 greater mummies
  Margery (Vaults:1)
  Saint Roka (Vaults:4)
  2 curse toes
  4 shard shrikes (Coc:7)
  6 Killer Klowns (Zot:5)
  Geryon (Hell)
  5 caustic shrikes
  Xtahua (Vaults:4)
  10 golden dragons
  Jory (Depths:3)
  10 bone dragons
  A profane servitor (Crypt:3)
  A Hellbinder (WizLab)
  the Enchantress (Depths:5)
  2 doom hounds
  12 Tzitzimimeh
  7 iron giants
  5 electric golems
  17 Brimstone Fiends
  12 liches
  Jorgrun (Spider:2)
  7 Hell Sentinels
  26 tentacled monstrosities
  3 deep elf blademasters
  Asterion (Spider:4)
  Rupert (D:15)
  28 Orb Guardians
  11 Ice Fiends
  9 titans
  26 Executioners
  15 acid blobs
  A deep elf master archer (Elf:3)
  Frances (D:13)
  12 sphinxes
  Polyphemus (Shoals:2)
  11 quicksilver dragons
  14 death cobs
  15 ancient champions
  9 tentacled starspawn
  2 eldritch tentacles (Pan)
  Gastronok (Lair:1)
  13 shadow dragons
  6 draconian monks
  5 revenants
  8 tengu reavers
  13 storm dragons
  8 azure jellies
  A nagaraja (Zig:7)
  19 fire giants
  19 frost giants
  2 orc warlords (Orc:2)
  13 draconian knights
  3 ghost moths
  5 draconian scorchers
  3 blood saints (Pan)
  9 deep elf sorcerers
  6 emperor scorpions (Spider:4)
  Louise (Elf:3)
  11 draconian stormcallers
  41 balrugs
  20 vault wardens
  A ghost moth (shapeshifter) (Vaults:5)
  4 curse skulls
  15 cacodemons
  A ghoul (Crypt:3)
  An angel (Zig:2)
  3 deep elf elementalists
  11 draconian shifters
  20 very ugly things
  17 war gargoyles
  7 spriggan defenders
  19 ironheart preservers
  8 warmongers (Pan)
  45 reapers
  33 stone giants
  2 elemental wellsprings (Coc:7)
  7 vampire knights
  Nessos (Lair:6)
  8 draconian annihilators
  15 green draconians
  An entropy weaver (Vaults:3)
  5 deep elf demonologists (Elf:3)
  14 black draconians
  Azrael (D:13)
  An apis (Zig:2)
  8 corrupters (Pan)
  20 red draconians
  7 bennus (Tomb:2)
  5 lorocyprocas
  4 black suns (Pan)
  14 white draconians
  12 deep elf annihilators
  20 purple draconians
  A dire elephant (D:15)
  12 yellow draconians
  12 deep elf death magi
  24 green deaths
  12 spark wasps
  6 merfolk impalers
  15 jiangshi
  2 crystal guardians
  3 eidola
  19 ettins
  21 blizzard demons
  12 death oozes
  18 mummy priests
  14 fire dragons
  A merfolk javelineer (Shoals:4)
  2 quicksilver dragon zombies
  19 yaktaur captains
  2 kraken zombies
  A spectral kraken (Tar:7)
  14 ogre magi
  5 deep elf high priests
  2 quicksilver dragon skeletons
  42 vault guards
  12 great orbs of eyes
  20 ice dragons
  9 spriggan air magi
  An anaconda (Zig:7)
  A naga warrior (Zig:7)
  5 hydras
  13 rakshasas
  2 hell beasts
  3 monstrous demonspawn
  A ghost crab (Tar:1)
  7 centaur warriors
  12 death knights
  2 merfolk avatars
  A catoblepas (Shoals:1)
  A catoblepas (shapeshifter) (Vaults:5)
  2 two-headed ogres (shapeshifter) (Vaults:5)
  6 merfolk aquamancers
  3 satyrs
  43 two-headed ogres
  21 hell hogs
  11 tengu warriors
  7 deep troll earth magi
  7 death yaks
  14 deep troll shamans
  8 vampire magi
  66 death scarabs
  3 orc high priests
  26 dancing weapons
  11 titan zombies
  3 spriggan berserkers
  21 soul eaters
  Nergalle (Orc:1)
  2 shock serpents (Zig:7)
  12 thrashing horrors
  4 storm dragon zombies
  35 sun demons
  A naga sharpshooter (Zig:7)
  21 deep elf knights
  9 wretched stars
  39 hell knights
  97 skeletal warriors
  10 shadow wraiths
  13 iron trolls
  20 iron golems
  12 sixfirhies
  4 golden dragon zombies
  2 spatial maelstroms (Abyss:4)
  13 flayed ghosts
  14 sea snakes
  An unseen horror (shapeshifter) (Vaults:4)
  8 glowing orange brains
  A spectral anaconda (Crypt:3)
  42 starcursed masses
  23 shadow demons
  6 unseen horrors
  6 wizards
  18 deep trolls
  4 storm dragon skeletons
  24 deep elf archers
  3 gelid demonspawn
  7 torturous demonspawn
  6 anaconda skeletons
  7 anaconda zombies
  A ghost moth zombie (Geh:5)
  2 infernal demonspawn (Pan)
  15 ironbrand convokers
  3 golden dragon skeletons
  17 orc knights
  3 shadow dragon zombies
  A lindwurm (shapeshifter) (Elf:2)
  5 oklob plants (Zig:8)
  15 harpies
  21 phantasmal warriors
  58 ugly things
  4 iron dragon zombies
  18 necromancers
  21 orb spiders
  3 wolf spider zombies
  4 shadow dragon skeletons
  8 orc sorcerers
  68 deep elf magi
  3 stone giant zombies
  3 frost giant zombies
  15 manticores
  23 fauns
  5 worldbinders
  8 cyclopes
  55 large abominations
  A cyclops (shapeshifter) (Vaults:3)
  4 stone giant skeletons
  A salamander (Depths:4)
  35 wolf spiders
  4 centaur zombies
  6 fire giant zombies
  A shock serpent zombie (Geh:6)
  16 vault sentinels
  29 moths of wrath
  A guardian serpent (shapeshifter) (Vaults:2)
  4 iron dragon skeletons
  4 merfolk sirens
  A shining eye (Slime:5)
  3 frost giant skeletons
  A black mamba (shapeshifter) (Depths:4)
  2 dire elephant zombies
  Maurice (D:9)
  An apocalypse crab (Abyss:1)
  2 fire giant skeletons
  6 black mambas
  2 ice statues (Coc:7)
  32 smoke demons
  3 molten gargoyles (Geh:7)
  2 guardian serpents
  25 rust devils
  2 naga magi
  4 spectral swamp worms (Tar:7)
  6 water nymphs
  16 orange demons
  2 minotaur zombies
  A storm dragon simulacrum (Vaults:4)
  3 eyes of devastation
  5 spiny frogs
  4 gargoyles
  4 dire elephant skeletons
  6 torpor snails
  A titan simulacrum (Crypt:3)
  22 hellions
  28 freezing wraiths
  41 yaktaurs
  2 kobold demonologists (Crypt:1)
  35 tormentors
  23 efreet
  A green draconian skeleton (Coc:6)
  A rime drake (Lair:3)
  8 komodo dragons
  A yaktaur zombie (Vaults:4)
  29 hellwings
  42 guardian mummies
  4 tengu conjurers
  12 ancient zymes
  34 ice devils
  A silent spectre (Tar:7)
  18 demonic crawlers
  6 hydra zombies
  A minotaur skeleton (Crypt:2)
  An iron troll skeleton (Crypt:1)
  A catoblepas skeleton (Pan)
  A polar bear (shapeshifter) (Depths:4)
  46 merfolk
  24 red devils
  3 harpy zombies
  A tengu simulacrum (Vaults:3)
  23 jumping spiders
  A queen bee (shapeshifter) (Vaults:1)
  17 hornets
  5 hydra skeletons
  5 trolls
  4 tyrant leeches (Spider:4)
  5 wind drakes
  3 polar bears
  24 raiju
  A shadow dragon simulacrum (Coc:1)
  15 blink frogs
  9 hippogriffs
  5 dream sheep
  A fire dragon zombie (Coc:2)
  2 harpy skeletons
  A slime creature (shapeshifter) (Depths:4)
  5 alligator zombies
  A dream sheep (shapeshifter) (Depths:2)
  6 ettin zombies
  79 slime creatures
  A raiju (shapeshifter) (Depths:5)
  7 snapping turtles
  An alligator skeleton (Geh:6)
  94 flying skulls
  2 fire dragon skeletons
  A frost giant simulacrum (Vaults:4)
  3 ice dragon skeletons
  An ice dragon zombie (Tar:7)
  A meliai zombie (D:15)
  19 spriggans
  3 vampires
  A fire giant simulacrum (Crypt:2)
  3 air elementals
  A black mamba zombie (Geh:2)
  76 redbacks
  Eustachio (D:6)
  A centaur simulacrum (D:15)
  10 ushabtiu
  11 shadows
  38 yaks
  4 ettin skeletons
  4 hogs (D:12)
  29 wraiths
  4 fire bats (Lair:1)
  17 ynoxinuls
  25 tarantellas
  22 water elementals
  A wyvern (shapeshifter) (Zig:8)
  16 fire elementals
  A black mamba skeleton (Tar:4)
  2 wyverns
  A hog (shapeshifter) (Depths:4)
  A human (shapeshifter) (Vaults:3)
  A golden eye (shapeshifter) (D:15)
  4 hungry ghosts
  A human (Shoals:4)
  3 basilisks
  2 vampire mosquitoes (D:14)
  16 neqoxecs
  2 steam dragons
  12 chaos spawn
  11 wargs
  A naga (Zig:7)
  A naga (shapeshifter) (Vaults:2)
  A swamp worm (shapeshifter) (Vaults:5)
  2 acid dragons
  A soldier ant (D:12)
  3 spatial vortices
  13 water moccasins
  An insubstantial wisp (Abyss:4)
  2 hydra simulacra
  An acid dragon (shapeshifter) (Depths:4)
  3 spiny frog zombies
  10 porcupines
  36 hell hounds
  A merfolk zombie (Dis:7)
  3 floating eyes (shapeshifter)
  53 orc warriors
  7 ice beasts
  3 spiny frog skeletons
  6 phantoms
  A swamp dragon zombie (Dis:6)
  An ettin simulacrum (Crypt:3)
  2 eyes of draining (shapeshifter)
  A black bear (shapeshifter) (Abyss:3)
  5 black bears
  3 manticore zombies
  A tengu (shapeshifter) (Depths:2)
  6 killer bees
  42 ogres
  14 boggarts
  7 sky beasts
  3 eyes of draining
  16 wolves (Lair:6)
  11 centaurs
  15 necrophages
  A swamp dragon skeleton (Coc:7)
  2 snapping turtle skeletons
  A torpor snail zombie (Crypt:1)
  14 crocodiles
  4 manticore skeletons
  4 big kobolds
  A big kobold (shapeshifter) (Vaults:3)
  17 bullfrogs
  5 earth elementals
  2 elf skeletons
  A cyclops zombie (Crypt:2)
  2 gnoll sergeants
  A spiny frog simulacrum (Hell)
  7 scorpions
  2 wyvern skeletons
  22 small abominations
  31 wights
  10 howler monkeys
  12 crimson imps
  4 bullfrog skeletons
  A gnoll shaman (D:2)
  2 human simulacra
  4 quasits
  6 hounds
  11 jellies
  21 orc priests
  Ijyb (D:3)
  4 human zombies
  21 orc wizards
  5 centaur skeletons
  14 iron imps
  7 hell rats (Hell)
  4 iguanas
  A porcupine zombie (Crypt:1)
  10 worker ants
  A killer bee zombie (D:8)
  An ogre zombie (Dis:5)
  2 ogre skeletons (Crypt:2)
  A crocodile skeleton (Crypt:1)
  A naga skeleton (Crypt:2)
  A hound zombie (D:6)
  2 hound skeletons (D:4)
  30 mummies
  6 worker ant zombies
  Robin (D:3)
  21 gnolls
  A howler monkey skeleton (D:4)
  10 adders
  15 shadow imps
  19 white imps
  2 ufetubi
  6 oozes
  An adder zombie (D:6)
  An adder skeleton (D:8)
  4 worms
  A ball lightning (Pan)
  7 leopard geckos
  66 orcs
  A ball python (D:2)
  4 bats
  5 giant cockroaches
  18 goblins
  10 hobgoblins
  7 jackals
  3 quokkas
  6 frilled lizards
  A jackal skeleton (D:4)
  26 kobolds
  A kobold skeleton (Crypt:2)
  A leopard gecko skeleton (D:7)
  2 orc zombies
  5 rats
  A river rat skeleton (Crypt:1)
  A fire vortex (Pan)
  2 fungi
  5 plants
  6 starspawn tentacles
  6 tentacles
4451 creatures vanquished.

Vanquished Creatures (collateral kills)
  Boris (Crypt:2)
  A greater mummy (Tomb:3)
  A Killer Klown (Zot:5)
  2 Brimstone Fiends (Geh:7)
  2 Orb Guardians
  6 acid blobs (Slime:5)
  Kirke (D:12)
  A storm dragon (Vaults:3)
  An azure jelly (Slime:5)
  An iron dragon (Dis:7)
  A draconian scorcher (Zot:5)
  3 cacodemons
  A balrug (Pan)
  A reaper (Tar:7)
  3 war gargoyles (Dis:7)
  A very ugly thing (Pan)
  A blood saint (WizLab)
  A yellow draconian (Zot:4)
  A blizzard demon (Tar:7)
  Josephine (D:10)
  Harold (D:9)
  Erolcha (D:9)
  A hydra (Lair:3)
  Erica (D:9)
  A two-headed ogre (D:11)
  6 death scarabs (Tomb:3)
  A death yak (Lair:5)
  An ogre mage (Orc:1)
  Urug (Orc:2)
  A soul eater (Tar:7)
  A sun demon (Geh:7)
  2 iron golems (Dis:7)
  3 hell knights (Geh:7)
  A glowing orange brain (Slime:5)
  2 skeletal warriors
  A necromancer (Geh:7)
  An orc knight (Orc:1)
  3 ugly things
  2 orc sorcerers (Orc:1)
  A manticore (D:8)
  4 shining eyes
  A black mamba (Lair:3)
  A rust devil (Dis:7)
  A centaur skeleton (D:12)
  2 orange demons
  2 spiny frogs
  4 ice devils
  6 slime creatures
  A blink frog (Lair:2)
  3 hippogriffs
  A dream sheep (D:8)
  7 flying skulls
  2 yaks
  2 chaos spawn (Pan)
  A hungry ghost (D:8)
  5 neqoxecs (Pan)
  2 water moccasins
  4 orc warriors
  An ogre (Orc:1)
  A wolf (Lair:6)
  A crocodile (Lair:5)
  A big kobold (D:8)
  A bullfrog (D:9)
  A small abomination (Abyss:2)
  2 killer bees (D:8)
  2 human zombies (Crypt:2)
  An orc wizard (Orc:1)
  2 orc priests
  A human skeleton (Crypt:2)
  2 iguanas (D:9)
  8 orcs
  A quokka (D:8)
  A fungus (Lair:2)
138 creatures vanquished.

Vanquished Creatures (others)
  A deep elf master archer (Elf:3)
  A revenant (Tomb:2)
  A fire giant (Geh:7)
  An ironheart preserver (Vaults:3)
  2 stone giants (Depths:2)
  A bennu (Tomb:2)
  A deep elf annihilator (Pan)
  A yellow draconian (Zot:1)
  2 merfolk javelineers (Shoals:4)
  A blizzard demon (Pan)
  3 yaktaur captains
  An ettin (Depths:2)
  A centaur warrior (Depths:2)
  2 satyrs (Shoals:2)
  13 death scarabs
  A naga sharpshooter (Zig:7)
  A hell hog (Geh:5)
  A deep elf knight (Elf:1)
  An ironbrand convoker (Vaults:3)
  A wizard (Pan)
  4 deep elf archers
  A faun (Zig:6)
  A molten gargoyle (Geh:7)
  A merfolk siren (Shoals:4)
  An orange demon (Pan)
  2 smoke demons (Pan)
  6 yaktaurs
  A guardian mummy (Tomb:2)
  A harpy zombie (Geh:7)
  A raiju (Abyss:3)
  12 flying skulls (Tomb:2)
  A water elemental (Shoals:4)
  2 killer bees (D:8)
  2 orc warriors
  3 centaurs
  A naga zombie (Geh:2)
  5 mummies (Tomb:2)
  8 ball lightnings (Pan)
  A fire vortex (Pan)
  10 fungi
  A lurking horror (Abyss:4)
  32 plants
  14 starspawn tentacles
  21 tentacles
169 creatures vanquished.

Grand Total: 4758 creatures vanquished

Notes
Turn   | Place    | Note
-------+----------+-------------------------------------------
     0 | D:1      | Nebukadnezar the Human Artificer began the quest for the
                  | Orb.
     0 | D:1      | Reached XP level 1. HP: 15/15 MP: 3/3
   158 | D:1      | Reached XP level 2. HP: 18/21 MP: 4/4
   861 | D:1      | Reached XP level 3. HP: 25/27 MP: 5/5
  1285 | D:2      | Reached XP level 4. HP: 34/34 MP: 6/6
  1477 | D:2      | Reached skill level 1 in Slings
  1711 | D:3      | Found a blossoming altar of Fedhas.
  1712 | D:3      | Noticed Robin
  1726 | D:2      | Reached XP level 5. HP: 36/41 MP: 7/7
  2072 | D:3      | Reached XP level 6. HP: 44/49 MP: 8/8
  2169 | D:3      | Found a burning altar of Makhleb.
  2170 | D:3      | Found a shimmering altar of Xom.
  2215 | D:3      | // well: makhleb ?
  2217 | D:3      | Became a worshipper of Makhleb the Destroyer
  2462 | D:3      | Killed Robin
  2624 | D:3      | Noticed Ijyb
  2633 | D:3      | Killed Ijyb
  2633 | D:3      | Reached skill level 5 in Fighting
  2844 | D:3      | Reached * piety under Makhleb
  3040 | D:3      | Reached XP level 7. HP: 56/56 MP: 9/9
  3065 | D:3      | Found an iron altar of Okawaru.
  3086 | D:3      | // ah..oka, tooo...bad
  3906 | D:4      | Got a crude amethyst amulet
  3949 | D:4      | Reached XP level 8. HP: 65/65 MP: 10/10
  3980 | D:5      | Entered Level 5 of the Dungeon
  3985 | D:5      | Found a sacrificial altar of Ru.
  4036 | D:5      | Identified the amulet "Nemohok" {Acrobat rF- Str+5} (You
                  | found it on level 4 of the Dungeon)
  4142 | D:5      | Found a shattered altar of Ashenzari.
  4775 | D:5      | Reached skill level 5 in Slings
  5242 | D:6      | Found Pist's Antique Weapon Emporium.
  5257 | D:6      | Reached XP level 9. HP: 75/75 MP: 11/11
  5290 | D:6      | Noticed Eustachio
  5323 | D:6      | Killed Eustachio
  5323 | D:6      | Reached skill level 1 in Invocations
  5579 | D:6      | Reached ** piety under Makhleb
  5721 | D:6      | Found an iron altar of Okawaru.
  5769 | D:6      | You fall through a shaft!
  5799 | D:7      | You fall through a shaft!
  5805 | D:7      | // shafted twice
  7106 | D:7      | Reached XP level 10. HP: 78/85 MP: 13/13
  7360 | D:7      | Found a deep blue altar of Sif Muna.
  7697 | D:7      | Found a staircase to the Ecumenical Temple.
  7978 | D:7      | Reached skill level 5 in Invocations
  8250 | D:8      | Reached skill level 10 in Fighting
  9092 | D:8      | Reached *** piety under Makhleb
  9172 | D:8      | Noticed a manticore
  9181 | D:8      | Killed a manticore
  9316 | D:8      | Noticed a two-headed hydra
  9326 | D:8      | Killed a two-headed hydra
  9507 | D:6      | Bought a glowing blowgun for 104 gold pieces
  9508 | D:6      | Bought a steaming great mace for 218 gold pieces
  9510 | D:6      | Identified the cursed +1 great mace of the Thirteen Princes
                  | {crush, *Noise rElec MP+9 Int-3} (You bought it in a shop
                  | on level 6 of the Dungeon)
  9515 | D:6      | // don't know what kind of weapon
  9582 | D:9      | Noticed Harold
  9593 | D:9      | Killed Harold
  9593 | D:9      | Reached skill level 1 in Axes
  9593 | D:9      | Reached skill level 1 in Armour
  9593 | D:9      | Reached XP level 11. HP: 70/92 MP: 16/16
  9841 | D:9      | Found a stormy altar of Qazlal.
 10026 | D:9      | Found a shimmering altar of Xom.
 10029 | D:9      | Found a shimmering altar of Xom.
 10029 | D:9      | Found a shimmering altar of Xom.
 10054 | D:9      | Found a shimmering altar of Xom.
 10056 | D:9      | Found a shimmering altar of Xom.
 10056 | D:9      | Found a shimmering altar of Xom.
 10567 | D:9      | Found a shimmering altar of Xom.
 10567 | D:9      | Noticed Erica
 10625 | D:9      | Killed Erica
 10687 | D:9      | Noticed Erolcha
 10738 | D:9      | Killed Erolcha
 10738 | D:9      | Reached skill level 5 in Axes
 10912 | D:9      | // demon worked wonder ag. erolcha+erika.
 10930 | D:10     | Entered Level 10 of the Dungeon
 11504 | D:10     | Noticed Maurice
 11557 | D:9      | Killed Maurice
 12223 | D:10     | Noticed Josephine
 12470 | D:11     | Noticed an eight-headed hydra
 12718 | D:11     | Noticed a two-headed ogre
 12731 | D:11     | Killed a two-headed ogre
 12763 | D:11     | Killed an eight-headed hydra
 12763 | D:11     | Reached skill level 5 in Armour
 12837 | D:11     | Reached XP level 12. HP: 99/99 MP: 17/17
 12871 | D:11     | Noticed a five-headed hydra
 13526 | D:10     | Killed Josephine
 14493 | D:11     | Found a staircase to the Lair.
 14505 | Lair:1   | Entered Level 1 of the Lair of Beasts
 14599 | Lair:1   | Reached **** piety under Makhleb
 14654 | Lair:1   | Found a frozen archway.
 14682 | IceCv    | Entered an ice cave
 15103 | Lair:1   | Reached skill level 10 in Axes
 15566 | Lair:1   | Noticed Gastronok
 15614 | Lair:1   | Killed Gastronok
 15614 | Lair:1   | Reached XP level 13. HP: 106/106 MP: 18/18
 15984 | Lair:2   | Found a staircase to the Shoals.
 16860 | Lair:3   | Identified a scroll of acquirement
 16912 | Lair:3   | Noticed an eight-headed hydra
 16924 | Lair:3   | Killed a five-headed hydra
 17506 | Lair:4   | Found a hole to the Spider Nest.
 18285 | Lair:5   | Got an ancient helmet
 18296 | Lair:5   | Identified the +2 helmet of the Elven Halls {*Corrode rC+
                  | rN+ Dex+3} (You found it on level 5 of the Lair of Beasts)
 18590 | Lair:5   | Reached skill level 5 in Evocations
 19243 | Lair:6   | Entered Level 6 of the Lair of Beasts
 19257 | Lair:6   | Noticed a seven-headed hydra
 19269 | Lair:6   | Killed a seven-headed hydra
 19367 | Lair:6   | Reached skill level 10 in Slings
 19399 | Lair:6   | Found a staircase to the Slime Pits.
 19464 | Lair:6   | Reached XP level 14. HP: 113/113 MP: 19/19
 19930 | Lair:6   | Noticed Nessos
 19957 | Lair:6   | Killed Nessos
 20314 | Lair:6   | Paralysed by a hornet for 2 turns
 20551 | Lair:6   | Reached ***** piety under Makhleb
 21279 | Lair:6   | Got a smoking pewter amulet
 21369 | Lair:6   | Identified the amulet of the Villain {Reflect MP+9 Int+2
                  | Slay+2 SH+3} (You found it on level 6 of the Lair of
                  | Beasts)
 21792 | D:12     | Noticed Kirke
 21808 | D:12     | Killed Kirke
 21971 | D:12     | Found a staircase to the Orcish Mines.
 22578 | D:12     | Reached skill level 1 in Maces & Flails
 22920 | Orc:1    | Entered Level 1 of the Orcish Mines
 22920 | Orc:1    | Noticed Nergalle
 22940 | Orc:1    | Killed Nergalle
 22963 | Orc:1    | Reached XP level 15. HP: 118/118 MP: 20/20
 23073 | Orc:1    | Found Simumug's Magic Scroll Boutique.
 23107 | Orc:1    | Found Qoevaoq's Jewellery Boutique.
 23622 | Orc:1    | Found Boxatalisch's Antique Weapon Shoppe.
 23638 | Orc:1    | Bought a scroll of blinking for 82 gold pieces
 23719 | Orc:1    | Bought the ring "Daubbirgh" {rPois rF+ rC+} for 533 gold
                  | pieces
 23735 | Orc:1    | Bought 3 scrolls of fog for 66 gold pieces
 23735 | Orc:1    | Bought a scroll of identify for 22 gold pieces
 23735 | Orc:1    | Bought a scroll of identify for 22 gold pieces
 23735 | Orc:1    | Bought a scroll of identify for 22 gold pieces
 23735 | Orc:1    | Bought a scroll of teleportation for 33 gold pieces
 23735 | Orc:1    | Bought a scroll of fear for 38 gold pieces
 23881 | Orc:2    | Entered Level 2 of the Orcish Mines
 23884 | Orc:2    | Found a staircase to the Elven Halls.
 24395 | Orc:2    | Reached skill level 10 in Armour
 24557 | Orc:2    | Paralysed by an orc sorcerer for 6 turns
 24563 | Orc:2    | Noticed an orc warlord
 24598 | Orc:2    | Killed an orc warlord
 24619 | Orc:2    | Noticed an orc warlord
 24638 | Orc:2    | Killed an orc warlord
 24720 | Orc:2    | Reached ****** piety under Makhleb
 24838 | Orc:2    | Noticed Urug
 24859 | Orc:2    | Killed Urug
 25064 | Orc:2    | Found a roughly hewn altar of Beogh.
 25091 | Orc:2    | Found Iriedir's Antique Armour Emporium.
 25115 | Orc:2    | Found Iveaff's General Store.
 25125 | Orc:2    | Found Saru's Book Emporium.
 25130 | Orc:2    | Found Echiuje's Antique Weapon Emporium.
 25322 | Orc:2    | Found Lerchozok's Weapon Shoppe.
 25442 | Orc:2    | Bought a bronze scale mail for 252 gold pieces
 25442 | Orc:2    | Bought a translucent scale mail for 252 gold pieces
 25452 | Orc:2    | Identified the cursed +0 scale mail of Norin {Int+4 Dex+3}
                  | (You bought it in a shop on level 2 of the Orcish Mines)
 25463 | Orc:2    | Identified the +0 scale mail of Pan-Flutes {MR+ Str+3
                  | Stlth-} (You bought it in a shop on level 2 of the Orcish
                  | Mines)
 25606 | D:13     | Noticed Frances
 25683 | D:13     | Noticed Azrael
 25724 | D:13     | Killed Azrael
 26185 | D:13     | Gained mutation: You are agile. (Dex +2) [a neqoxec]
 26194 | D:13     | Killed Frances
 26589 | D:13     | Reached skill level 5 in Maces & Flails
 26975 | D:13     | Reached XP level 16. HP: 111/125 MP: 21/21
 27109 | D:13     | Found a gate to the Vaults.
 27353 | D:13     | Got a polished ring mail
 27568 | D:13     | Identified the +5 ring mail "Dajaf" {Slay+2 SInv} (You took
                  | it off a vault guard on level 13 of the Dungeon)
 27918 | D:14     | Reached skill level 15 in Axes
 28774 | D:15     | Entered Level 15 of the Dungeon
 29313 | D:15     | Reached skill level 1 in Shields
 29745 | D:15     | Noticed Rupert
 29976 | Orc:1    | Bought an uncursed ring of protection from magic for 325
                  | gold pieces
 29976 | Orc:1    | Bought an uncursed ring of resist corrosion for 260 gold
                  | pieces
 30126 | Spider:1 | Entered Level 1 of the Spider Nest
 30207 | Spider:1 | Reached skill level 5 in Dodging
 31057 | Spider:1 | Got a twisted ring mail
 31131 | Spider:1 | Reached XP level 17. HP: 113/133 MP: 23/23
 31666 | Spider:2 | Noticed Jorgrun
 31696 | Spider:2 | Killed Jorgrun
 32698 | Spider:3 | Reached skill level 5 in Shields
 32957 | Spider:3 | Identified the cursed +0 ring mail of Ru's Whim {rCorr
                  | Dex+4} (You found it on level 1 of the Spider Nest)
 33133 | Spider:4 | Entered Level 4 of the Spider Nest
 33553 | Spider:4 | Reached skill level 10 in Evocations
 34517 | Spider:4 | Noticed Asterion
 34552 | Spider:4 | Reached XP level 18. HP: 138/143 MP: 25/25
 34724 | Spider:4 | Killed Asterion
 35430 | Spider:4 | Got a gossamer rune of Zot
 36373 | D:15     | Found a staircase to the Depths.
 36397 | D:15     | Killed Rupert
 36938 | Shoals:1 | Entered Level 1 of the Shoals
 36982 | Shoals:1 | Found Jastrerish's Island Escapes.
 37285 | Shoals:1 | Bought a potion of invisibility for 96 gold pieces
 37285 | Shoals:1 | Bought a scroll of teleportation for 36 gold pieces
 37285 | Shoals:1 | Bought a scroll of teleportation for 36 gold pieces
 37285 | Shoals:1 | Bought a potion of invisibility for 96 gold pieces
 37947 | Shoals:2 | Noticed Polyphemus
 38043 | Shoals:2 | Killed Polyphemus
 38043 | Shoals:2 | Reached skill level 10 in Shields
 38320 | Shoals:2 | Got a dazzling hand axe
 38328 | Shoals:2 | Identified the +10 hand axe "Conok" {speed, MR++} (You
                  | found it on level 2 of the Shoals)
 38685 | Shoals:2 | Reached XP level 19. HP: 124/153 MP: 26/26
 39539 | Shoals:4 | Entered Level 4 of the Shoals
 39608 | Shoals:4 | Reached skill level 15 in Fighting
 39661 | Shoals:4 | Found a flickering gateway to a bazaar.
 39706 | Bazaar   | Entered a bazaar
 39706 | Bazaar   | Found Ateatapu's Antique Weapon Boutique.
 39717 | Bazaar   | Found Desatrast's Book Emporium.
 39723 | Bazaar   | Found Iceu's Jewellery Boutique.
 39725 | Bazaar   | Found Xocuxec's Assorted Antiques.
 39763 | Bazaar   | Found Idopn's Food Emporium.
 39794 | Bazaar   | Bought a scroll of blinking for 135 gold pieces
 39799 | Bazaar   | Bought the ring "Yttaon" {rN++ Int+4 Dex+4 Slay-4} for 252
                  | gold pieces
 39804 | Bazaar   | Bought a scroll of teleportation for 54 gold pieces
 40084 | Shoals:4 | Got a barnacled rune of Zot
 40140 | Shoals:4 | Identified the Almanac of the Assistive Snowflakes
 40735 | Vaults:1 | Entered Level 1 of the Vaults
 41323 | Vaults:1 | Reached XP level 20. HP: 162/162 MP: 27/27
 42413 | Vaults:2 | Noticed Margery
 42878 | Vaults:1 | Killed Margery
 43119 | Vaults:2 | Reached skill level 15 in Shields
 43430 | Vaults:2 | Reached XP level 21. HP: 168/168 MP: 28/28
 43671 | Vaults:2 | Reached skill level 15 in Armour
 44153 | Vaults:2 | Found Zilycraiwa's Antique Armour Shoppe.
 44213 | Vaults:2 | Bought a pair of embroidered boots for 150 gold pieces
 44524 | Vaults:3 | Found the ring of Phasing {EV+8}
 44566 | Vaults:3 | Found Saomac's Jewellery Shoppe.
 44949 | Vaults:3 | Found a staircase to the Crypt.
 44949 | Vaults:3 | Found an ancient bone altar of Kikubaaqudgha.
 44950 | Vaults:3 | Found a basalt altar of Yredelemnul.
 45262 | Vaults:3 | Reached skill level 10 in Dodging
 45366 | Vaults:3 | Reached skill level 1 in Spellcasting
 45512 | Vaults:3 | Reached XP level 22. HP: 131/178 MP: 23/29
 45529 | Vaults:3 | Reached skill level 5 in Spellcasting
 46469 | Vaults:3 | Identified the Volume of Articulation
 46518 | Vaults:3 | Noticed a juggernaut
 46543 | Vaults:3 | Killed a juggernaut
 46882 | Vaults:4 | Noticed Mara
 47073 | Vaults:4 | Noticed Nebukadnezar's illusion
 47099 | Vaults:3 | Killed Mara
 47337 | Vaults:4 | Noticed Saint Roka
 47344 | Vaults:4 | Found Rannawno's Antique Weapon Shop.
 47365 | Vaults:4 | Killed Saint Roka
 47407 | Vaults:4 | Noticed Xtahua
 47437 | Vaults:4 | Killed Xtahua
 47595 | Vaults:4 | Reached XP level 23. HP: 178/186 MP: 35/35
 48009 | Vaults:4 | Found Ilimew's Book Boutique.
 48421 | Lair:1   | Learned a level 1 spell: Summon Butterflies
 48424 | Lair:1   | Learned a level 2 spell: Blink
 48427 | Lair:1   | Learned a level 2 spell: Passwall
 48432 | Lair:1   | Learned a level 4 spell: Passage of Golubria
 50182 | Elf:1    | Entered Level 1 of the Elven Halls
 50610 | Elf:1    | Reached skill level 1 in Translocations
 50721 | Elf:1    | Identified the Incunabulum of Confrontation
 51908 | Elf:2    | Found a runed door.
 51933 | Elf:2    | Found a runed door.
 51975 | Elf:3    | Entered Level 3 of the Elven Halls
 52084 | Elf:3    | Noticed Louise
 52090 | Elf:3    | Killed Louise
 52267 | Elf:3    | Found a shimmering altar of Xom.
 52981 | Elf:3    | Reached skill level 5 in Translocations
 53336 | Elf:3    | Got a fine golden ring
 53337 | Elf:3    | Got a twisted broad axe {chop}
 53360 | Elf:3    | Identified the ring "Cocwiub" {+Fly Str+2} (You took it off
                  | a deep elf high priest on level 3 of the Elven Halls)
 53361 | Elf:3    | Identified the +6 broad axe "Eniosa Quelo" {chop, rPois rF+
                  | rC-} (You took it off a deep elf high priest on level 3 of
                  | the Elven Halls)
 53696 | Elf:3    | Reached skill level 10 in Spellcasting
 53713 | Elf:3    | Identified the +3 morningstar of Fortitude {crush, Int+4}
                  | (You took it off a deep elf mage on level 3 of the Elven
                  | Halls)
 53763 | Elf:3    | Reached XP level 24. HP: 195/195 MP: 37/37
 54262 | Elf:3    | Identified the ring "Roepipp" {rElec MP+9} (You found it on
                  | level 3 of the Elven Halls)
 54272 | Elf:3    | Identified Voiv's Reference Book on Arcane Weapons
 55099 | Elf:2    | Reached skill level 1 in Summonings
 55765 | Depths:1 | Entered Level 1 of the Depths
 56108 | Depths:1 | Found Rinusk's Gadget Shoppe.
 56109 | Depths:1 | Found Wiyqioda's Weapon Shoppe.
 56110 | Depths:1 | Found Posief's Armour Shoppe.
 56111 | Depths:1 | Found Jenus's Armour Shoppe.
 56134 | Depths:1 | Bought a +2 pair of gloves of strength for 408 gold pieces
 56474 | Depths:1 | Found a gateway to Hell.
 56595 | Depths:1 | Reached skill level 5 in Summonings
 57281 | Depths:1 | Found a one-way gate to the infinite horrors of the Abyss.
 58575 | Depths:2 | Reached XP level 25. HP: 188/204 MP: 37/37
 58669 | Depths:2 | Learned a level 5 spell: Aura of Abjuration
 58749 | Depths:2 | Found Bisheana's Armour Boutique.
 59114 | Depths:3 | Reached skill level 10 in Summonings
 59151 | Depths:2 | Found the +6 Majin-Bo {vamp, Archmagi MP+6 Int+6}
 59457 | Depths:3 | Found Iplonidde's Jewellery Emporium.
 59513 | Depths:3 | Noticed Jory
 59545 | Depths:3 | Noticed a juggernaut
 59546 | Depths:3 | Found a one-way gate leading to the halls of Pandemonium.
 59629 | Depths:3 | HP: 3/204 [juggernaut (27)]
 60016 | Depths:2 | // what a level. need to valuat my char. this sucks
 60148 | Lair:1   | // all of hw gone+2*CB
 60324 | Depths:1 | Bought the +0 cloak of Integrity {Regen+ MP-9 Str+3} for 85
                  | gold pieces
 60337 | Depths:1 | Bought the +0 mask of the Dragon {MR+ Slay+3 SInv} for 634
                  | gold pieces
 60337 | Depths:1 | Found the +0 mask of the Dragon {MR+ Slay+3 SInv}
 60469 | Depths:3 | Bought the ring "Qoimeluq" {+Inv rC+ MR+++ MP+9 Str-3} for
                  | 816 gold pieces
 60662 | Lair:1   | Identified the +4 hat of the Saviour {rF+ MR+ rCorr} (You
                  | acquired it on level 1 of the Lair of Beasts)
 61099 | Depths:3 | Killed a juggernaut
 61186 | Depths:3 | Killed Jory
 62213 | Depths:4 | Got a vibrating jade amulet
 62214 | Depths:4 | Identified the amulet of Geusajoh {rF- Regen+ Str+9 Dex-2}
                  | (You found it on level 4 of the Depths)
 62470 | Depths:4 | Noticed Sojobo
 62483 | Depths:4 | Killed Sojobo
 62661 | Depths:4 | Reached XP level 26. HP: 213/213 MP: 37/37
 63637 | Depths:5 | Entered Level 5 of the Depths
 63637 | Depths:5 | Noticed the Enchantress
 63770 | Depths:5 | Found a magical portal.
 63784 | WizLab   | Entered The Hall of the Hellbinder
 63901 | WizLab   | Gained mutation: Your body sometimes deteriorates upon
                  | taking damage. [a neqoxec]
 64234 | WizLab   | Found a burning altar of Makhleb.
 64273 | WizLab   | Got a fine iron amulet
 64274 | WizLab   | Identified the Incunabulum of the Entourage
 64305 | WizLab   | Identified the amulet of Edaimnux {Gourm *Contam rElec MR+}
                  | (You found it in a wizard's laboratory)
 64722 | Depths:5 | Found a gateway to a ziggurat.
 64798 | Depths:5 | Reached XP level 27. HP: 221/221 MP: 37/37
 65082 | Depths:5 | Killed the Enchantress
 65085 | Depths:5 | Identified the +0 faerie dragon scales {rPois rN+ rCorr}
                  | (You took it off the Enchantress on level 5 of the Depths)
 65501 | Depths:5 | Found a gate to the Realm of Zot.
 66392 | Depths:4 | Reached skill level 15 in Dodging
 66399 | Depths:4 | Got a translucent tin ring
 66605 | Depths:2 | Identified the ring of Ryhat {MR+ Stlth+} (You took it off
                  | a tengu reaver on level 4 of the Depths)
 66876 | Lair:1   | Learned a level 3 spell: Regeneration
 66882 | Lair:1   | Learned a level 5 spell: Borgnjor's Vile Clutch
 67068 | Vaults:5 | Entered Level 5 of the Vaults
 67090 | Vaults:4 | Reached skill level 1 in Charms
 67090 | Vaults:4 | Reached skill level 1 in Necromancy
 67090 | Vaults:4 | Reached skill level 1 in Earth Magic
 67670 | Vaults:5 | Identified the +3 war axe of the Boiling Point {chop, SInv}
                  | (You took it off an ironheart preserver on level 5 of the
                  | Vaults)
 67671 | Vaults:5 | Identified the +1 plate armour "Gare" {rF+ rC+ Int+2} (You
                  | took it off a vault guard on level 5 of the Vaults)
 67749 | Vaults:5 | Got a shimmering hat
 67764 | Vaults:5 | Identified the +0 hat of Tulips {Int+5 Stlth+} (You found
                  | it on level 5 of the Vaults)
 67817 | Vaults:5 | Reached skill level 5 in Charms
 67817 | Vaults:5 | Reached skill level 5 in Necromancy
 67817 | Vaults:5 | Reached skill level 5 in Earth Magic
 68240 | Vaults:5 | Got a silver rune of Zot
 68306 | Vaults:5 | Noticed an ancient lich
 68336 | Vaults:5 | Killed an ancient lich
 68574 | Vaults:5 | Found Iceingan's Distillery.
 68613 | Vaults:5 | Got a vibrating tin ring
 68614 | Vaults:5 | Identified the ring "Mafixun" {rF+ rN+ MP+9 Int+4} (You
                  | took it off a tengu reaver on level 5 of the Vaults)
 69050 | Vaults:5 | Bought a potion of mutation for 88 gold pieces
 69050 | Vaults:5 | Bought a potion of cancellation for 88 gold pieces
 69050 | Vaults:5 | Bought a potion of mutation for 88 gold pieces
 69050 | Vaults:5 | Bought a potion of brilliance for 44 gold pieces
 69050 | Vaults:5 | Bought a potion of might for 44 gold pieces
 69050 | Vaults:5 | Bought a potion of might for 44 gold pieces
 69050 | Vaults:5 | Bought a potion of agility for 44 gold pieces
 69050 | Vaults:5 | Bought a potion of brilliance for 44 gold pieces
 69055 | Vaults:5 | Learned a level 3 spell: Portal Projectile
 69457 | Orc:1    | Bought a scroll of enchant weapon for 82 gold pieces
 69457 | Orc:1    | Bought a scroll of fog for 22 gold pieces
 69457 | Orc:1    | Bought a scroll of summoning for 104 gold pieces
 69490 | Orc:2    | Bought an embroidered scarf for 224 gold pieces
 69678 | Vaults:3 | Bought an uncursed amulet of regeneration for 630 gold
                  | pieces
 70209 | Temple   | Entered the Ecumenical Temple
 70296 | Temple   | Fell from the grace of Makhleb
 70296 | Temple   | Became a worshipper of the Shining One
 70644 | Crypt:1  | Entered Level 1 of the Crypt
 70678 | Crypt:1  | Reached * piety under the Shining One
 70722 | Crypt:1  | Reached ** piety under the Shining One
 70858 | Crypt:1  | Reached *** piety under the Shining One
 70911 | Crypt:1  | Found a deep blue altar of Sif Muna.
 71031 | Crypt:1  | Identified Jequdgh's Disquisition on Summoning
 71046 | Crypt:1  | Got a flickering golden amulet
 71169 | Crypt:1  | Reached **** piety under the Shining One
 71575 | Crypt:2  | Reached ***** piety under the Shining One
 71793 | Crypt:2  | Noticed a greater mummy
 71840 | Crypt:2  | Killed a greater mummy
 71840 | Crypt:2  | Reached skill level 10 in Invocations
 72042 | Crypt:2  | Noticed Boris
 72064 | Crypt:2  | Killed Boris
 72069 | Crypt:2  | Noticed a greater mummy
 72074 | Crypt:2  | Noticed Khufu
 72082 | Crypt:2  | Killed Khufu
 72083 | Crypt:2  | Killed a greater mummy
 72191 | Crypt:2  | Found a basalt altar of Yredelemnul.
 72220 | Crypt:2  | Identified the amulet "Fuikk" {RegenMP rC+} (You took it
                  | off a vampire mage on level 1 of the Crypt)
 72246 | Crypt:3  | Entered Level 3 of the Crypt
 72292 | Crypt:3  | Reached ****** piety under the Shining One
 72315 | Crypt:3  | Identified a +9 broad axe of holy wrath (a +7 broad axe of
                  | flaming blessed by the Shining One)
 72315 | Crypt:3  | Received a gift from the Shining One
 72506 | Crypt:3  | Found an ancient bone altar of Kikubaaqudgha.
 72617 | Crypt:3  | Gained mutation: You are weak. (Str -2) [a cacodemon]
 72633 | Crypt:3  | Identified the Papyrus of Toxins
 72896 | Crypt:3  | Found a staircase to the Tomb.
 72897 | Crypt:3  | Found the +12 Vampire's Tooth {vamp}
 73390 | Lair:1   | Learned a level 6 spell: Deflect Missiles
 73457 | Lair:1   | Learned a level 2 spell: Song of Slaying
 73460 | Lair:1   | Learned a level 2 spell: Shroud of Golubria
 73571 | Slime:1  | Entered Level 1 of the Pits of Slime
 73807 | Slime:5  | Entered Level 5 of the Pits of Slime
 74091 | Slime:5  | Reached skill level 5 in Stealth
 74213 | Slime:5  | Noticed the Royal Jelly
 74235 | Slime:5  | Found a viscous altar of Jiyva.
 74332 | Slime:5  | Killed the Royal Jelly
 74368 | Slime:5  | Got a slimy rune of Zot
 74393 | Slime:5  | Got a fine chain mail
 74449 | Slime:5  | Identified the ring "Fip Woataf" {rC- rN+++ MR+ Int+3
                  | Stlth+} (You found it on level 5 of the Pits of Slime)
 74450 | Slime:5  | Identified the +6 chain mail of Quantum Leap {*Contam
                  | Str+3} (You found it on level 5 of the Pits of Slime)
 74480 | Slime:5  | Identified the +9 hunting sling "Yfor" {flame, rC+ rN++ MR+
                  | Int-2} (You found it on level 5 of the Pits of Slime)
 74671 | Lair:1   | Identified the +0 pair of gloves of the Accordion {rElec
                  | rF- rC+ Int+2} (You acquired it on level 1 of the Lair of
                  | Beasts)
 74774 | Shoals:1 | Bought a wand of digging (15) for 456 gold pieces
 74774 | Shoals:1 | Bought a wand of digging (16) for 480 gold pieces
 74774 | Shoals:1 | Bought an uncursed ring of stealth for 210 gold pieces
 74856 | Lair:1   | Identified the -5 buckler "Ysef" {Int+2} (You acquired it
                  | on level 1 of the Lair of Beasts)
 74951 | Orc:2    | Bought a book of Callings for 390 gold pieces
 74956 | Orc:2    | Learned a level 4 spell: Summon Lightning Spire
 75186 | Zot:1    | Entered Level 1 of the Realm of Zot
 75204 | Zot:1    | Reached skill level 1 in Hexes
 75207 | Zot:1    | Reached skill level 1 in Air Magic
 75320 | Zot:1    | Noticed an orb of fire
 75327 | Zot:1    | Gained mutation: Scrolls take you a little longer to read.
                  | [an orb of fire]
 75328 | Zot:1    | Gained mutation: Your magical capacity is low. (-10% MP)
                  | [an orb of fire]
 75332 | Zot:1    | Gained mutation: Scrolls take you longer to read. [an orb
                  | of fire]
 75335 | Zot:1    | Gained mutation: You are occasionally teleported next to
                  | monsters. [an orb of fire]
 75339 | Zot:1    | Killed an orb of fire
 75340 | Zot:1    | Lost mutation: Your magical capacity is low. (-10% MP)
                  | [potion of mutation]
 75340 | Zot:1    | Lost mutation: You are agile. (Dex +2) [potion of mutation]
 75340 | Zot:1    | Lost mutation: Your body sometimes deteriorates upon taking
                  | damage. [potion of mutation]
 75340 | Zot:1    | Gained mutation: You are resistant to hostile enchantments.
                  | (MR+) [potion of mutation]
 75341 | Zot:1    | Lost mutation: You are weak. (Str -2) [potion of mutation]
 75341 | Zot:1    | Lost mutation: You are occasionally teleported next to
                  | monsters. [potion of mutation]
 75341 | Zot:1    | Gained mutation: You have a somewhat thin skeletal
                  | structure. (Dex +2, Stealth) [potion of mutation]
 75341 | Zot:1    | Gained mutation: Armour fits poorly on your strangely
                  | shaped body. [potion of mutation]
 75341 | Zot:1    | Gained mutation: You are robust. (+10% HP) [potion of
                  | mutation]
 75341 | Zot:1    | Gained mutation: You have a beak for a mouth. [potion of
                  | mutation]
 75521 | Zot:1    | Reached skill level 15 in Invocations
 75665 | Zot:1    | Reached skill level 5 in Air Magic
 76668 | Zot:2    | Reached skill level 1 in Throwing
 77280 | Zot:3    | Noticed Tiamat
 77363 | Zot:3    | Reached skill level 5 in Throwing
 78912 | Zot:3    | Killed Tiamat
 79065 | Zot:3    | Found a runed door.
 79316 | Zot:3    | Noticed an ancient lich
 79324 | Zot:3    | Killed an ancient lich
 79437 | Zot:4    | Was forgiven by Makhleb
 81156 | Depths:1 | Bought a wand of iceblast (8) for 216 gold pieces
 81156 | Depths:1 | Bought a box of beasts for 360 gold pieces
 81156 | Depths:1 | Bought a wand of acid (9) for 468 gold pieces
 81156 | Depths:1 | Bought a sack of spiders for 360 gold pieces
 81213 | Hell     | Entered the Vestibule of Hell
 81236 | Hell     | Noticed Geryon
 81270 | Hell     | Killed Geryon
 81314 | Hell     | Found a gateway to the freezing wastes of Cocytus.
 81389 | Hell     | Found a gateway to the decaying netherworld of Tartarus.
 81470 | Hell     | Found a gateway to the Iron City of Dis.
 81506 | Hell     | Found a gateway to the ashen valley of Gehenna.
 82063 | Tomb:1   | Entered Level 1 of the Tomb of the Ancients
 82617 | Tomb:1   | Noticed a greater mummy
 82647 | Tomb:1   | Killed a greater mummy
 82716 | Tomb:1   | Noticed a greater mummy
 82762 | Tomb:1   | Killed a greater mummy
 82892 | Tomb:1   | Noticed an ancient lich
 82930 | Tomb:1   | Killed an ancient lich
 83188 | Tomb:1   | Lost mutation: You are resistant to hostile enchantments.
                  | (MR+) [potion of mutation]
 83188 | Tomb:1   | Lost mutation: Scrolls take you longer to read. [potion of
                  | mutation]
 83188 | Tomb:1   | Lost mutation: Scrolls take you a little longer to read.
                  | [potion of mutation]
 83188 | Tomb:1   | Gained mutation: Your magical capacity is low. (-10% MP)
                  | [potion of mutation]
 83188 | Tomb:1   | Gained mutation: You have a pair of small antennae on your
                  | head. [potion of mutation]
 83188 | Tomb:1   | Gained mutation: You are resistant to hostile enchantments.
                  | (MR+) [potion of mutation]
 83207 | Tomb:2   | Noticed a greater mummy
 83210 | Tomb:2   | Noticed a greater mummy
 83493 | Tomb:3   | Entered Level 3 of the Tomb of the Ancients
 83522 | Tomb:3   | Noticed a greater mummy
 83533 | Tomb:3   | Killed a greater mummy
 83585 | Tomb:3   | Noticed a greater mummy
 83601 | Tomb:3   | Killed a greater mummy
 83615 | Tomb:3   | Noticed a greater mummy
 83615 | Tomb:3   | Noticed a greater mummy
 83623 | Tomb:3   | Killed a greater mummy
 83624 | Tomb:3   | Noticed an ancient lich
 83628 | Tomb:2   | Killed a greater mummy
 83878 | Tomb:3   | Noticed a greater mummy
 83883 | Tomb:3   | Noticed a greater mummy
 83885 | Tomb:3   | Killed a greater mummy
 83888 | Tomb:3   | Noticed a greater mummy
 83890 | Tomb:3   | Killed a greater mummy
 83893 | Tomb:3   | Noticed a greater mummy
 83898 | Tomb:3   | Killed a greater mummy
 83905 | Tomb:3   | Killed a greater mummy
 83906 | Tomb:3   | Killed an ancient lich
 84024 | Tomb:3   | Found the +3 robe of Clouds {+Fly rElec}
 84063 | Tomb:3   | Got a golden rune of Zot
 84156 | Tomb:3   | Identified the Reference Book on the Arsonist and Lightness
 84433 | Tomb:3   | Learned a level 1 spell: Apportation
 84437 | Tomb:3   | Learned a level 3 spell: Lesser Beckoning
 85643 | Pan      | Entered Pandemonium
 85978 | Pan      | Noticed Pyclabb the pandemonium lord
 86222 | Pan      | Gained mutation: Your body sometimes deteriorates upon
                  | taking damage. [a cacodemon]
 86323 | Pan      | Got a demonic rune of Zot
 86461 | Pan      | Reached skill level 10 in Charms
 86637 | Pan      | Entered the realm of Lom Lobon.
 87050 | Pan      | Reached skill level 10 in Air Magic
 87246 | Pan      | Noticed Lom Lobon
 87290 | Pan      | Killed Lom Lobon
 87290 | Pan      | Reached skill level 10 in Stealth
 87327 | Pan      | Got a magical rune of Zot
 87849 | Pan      | Entered the realm of Gloorx Vloq.
 87913 | Pan      | Found an exit through the horrors of the Abyss.
 88483 | Pan      | Noticed Gloorx Vloq
 88510 | Pan      | Killed Gloorx Vloq
 88578 | Pan      | Got a dark rune of Zot
 88668 | Pan      | Gained mutation: Scrolls take you a little longer to read.
                  | [a cacodemon]
 88676 | Pan      | // scrolls take longer....
 88961 | Pan      | Entered the realm of Cerebov.
 88961 | Pan      | Found an exit through the horrors of the Abyss.
 89677 | Pan      | Noticed Cerebov
 89714 | Pan      | Killed Cerebov
 89785 | Pan      | Identified Totzaj's Almanac of Flight and Unholy Secrets
 89799 | Pan      | Identified Lurot's Grimoire of Mutagenic Flames
 89806 | Pan      | Identified the ring "Seogef" {Fire rPois} (You found it in
                  | Pandemonium)
 89815 | Pan      | Identified the Reference Book on Weightlessness and
                  | Ignition
 89817 | Pan      | Identified the Grimoire of Mutualism
 89818 | Pan      | Identified Hismaick's Incunabulum of Black Rituals
 89837 | Pan      | Got a fiery rune of Zot
 89945 | Pan      | Entered the realm of Mnoleg.
 90241 | Pan      | Gained mutation: You occasionally shout uncontrollably at
                  | your foes. [a neqoxec]
 90285 | Pan      | Noticed Mnoleg
 90336 | Pan      | Killed Mnoleg
 90379 | Pan      | Got a glowing rune of Zot
 90448 | Pan      | Found an exit through the horrors of the Abyss.
 90457 | Pan      | Took an exit into the Abyss.
 90457 | Abyss:1  | Escaped into the Abyss
 90622 | Abyss:1  | Found a corrupted altar of Lugonu.
 90700 | Abyss:1  | Found an iron altar of Okawaru.
 91642 | Abyss:1  | Found a snail-covered altar of Cheibriados.
 91661 | Abyss:1  | // 4*out, 1 down and I got tp away
 91818 | Abyss:2  | Identified the amulet "Hiniaja" {Inacc Dex+5} (You found it
                  | on level 2 of the Abyss)
 91912 | Abyss:2  | Gained mutation: You are very weak. (Str -4) [a neqoxec]
 91917 | Abyss:2  | Gained mutation: Potions are less effective at restoring
                  | your health. [a neqoxec]
 92333 | Abyss:4  | Gained mutation: You tend to lose your temper in combat. [a
                  | neqoxec]
 92695 | Abyss:4  | Got an abyssal rune of Zot
 92760 | Abyss:4  | Paralysed by accursed screaming for 1 turns
 92873 | Depths:3 | Escaped the Abyss
 93043 | Zig:1    | Entered Level 1 of a ziggurat
 93059 | Zig:2    | Entered Level 2 of a ziggurat
 93090 | Zig:3    | Entered Level 3 of a ziggurat
 93160 | Zig:4    | Entered Level 4 of a ziggurat
 93191 | Zig:5    | Entered Level 5 of a ziggurat
 93194 | Zig:5    | Noticed an orb of fire
 93200 | Zig:5    | Gained mutation: You are clumsy. (Dex -2) [an orb of fire]
 93205 | Zig:5    | Killed an orb of fire
 93225 | Zig:6    | Entered Level 6 of a ziggurat
 93245 | Zig:6    | Cast into level 2 of the Abyss (merfolk impaler)
 93245 | Abyss:2  | Found a corrupted altar of Lugonu.
 93260 | Abyss:2  | Found a shattered altar of Ashenzari.
 93302 | Zig:6    | Escaped the Abyss
 93400 | Zig:7    | Entered Level 7 of a ziggurat
 93445 | Zig:7    | Identified the +8 executioner's axe "Hyticzul" {chop, Str+2
                  | Dex+4} (You found it on level 7 of a ziggurat)
 93449 | Zig:8    | Entered Level 8 of a ziggurat
 93536 | Zig:8    | Noticed an ancient lich
 93553 | Zig:8    | Killed an ancient lich
 93627 | Zig:8    | Identified the cursed +1 ring mail "Tuimp" {rN+ MR+ rCorr
                  | Slay+2} (You found it on level 8 of a ziggurat)
 93632 | Zig:8    | Lost mutation: Scrolls take you a little longer to read.
                  | [potion of mutation]
 93632 | Zig:8    | Lost mutation: You are weak. (Str -2) [potion of mutation]
 93632 | Zig:8    | Lost mutation: You are resistant to hostile enchantments.
                  | (MR+) [potion of mutation]
 93632 | Zig:8    | Gained mutation: You are partially covered in large bone
                  | plates. (SH +4) [potion of mutation]
 93632 | Zig:8    | Lost mutation: You are robust. (+10% HP) [potion of
                  | mutation]
 93632 | Zig:8    | Gained mutation: You have sharp toenails. [potion of
                  | mutation]
 93632 | Zig:8    | Lost mutation: You are clumsy. (Dex -2) [potion of
                  | mutation]
 93633 | Zig:8    | Lost mutation: You have a pair of small antennae on your
                  | head. [potion of mutation]
 93633 | Zig:8    | Lost mutation: Potions are less effective at restoring your
                  | health. [potion of mutation]
 93633 | Zig:8    | Lost mutation: Your body sometimes deteriorates upon taking
                  | damage. [potion of mutation]
 93633 | Zig:8    | Gained mutation: You are robust. (+10% HP) [potion of
                  | mutation]
 93634 | Zig:8    | Lost mutation: You tend to lose your temper in combat.
                  | [potion of mutation]
 93634 | Zig:8    | Lost mutation: Armour fits poorly on your strangely shaped
                  | body. [potion of mutation]
 93634 | Zig:8    | Gained mutation: Your system is resistant to poisons.
                  | (rPois) [potion of mutation]
 93729 | Geh:1    | Entered Level 1 of Gehenna
 93882 | Geh:3    | Found a huge runed gate.
 93882 | Geh:3    | Found a huge runed gate.
 93882 | Geh:3    | Found a huge runed gate.
 93882 | Geh:3    | Found a huge runed gate.
 93882 | Geh:3    | Found a huge runed gate.
 94176 | Geh:7    | Entered Level 7 of Gehenna
 94543 | Geh:7    | Noticed Asmodeus
 94579 | Geh:7    | Reached skill level 10 in Throwing
 94590 | Geh:7    | Killed Asmodeus
 94620 | Geh:7    | Got an obsidian rune of Zot
 94820 | Geh:7    | Reached skill level 27 in Invocations
 94898 | Geh:7    | Found the +10 dark maul {crush}
 94905 | Geh:7    | Got a steaming steel amulet
 94912 | Geh:7    | Got a twisted hat
 94917 | Geh:7    | Got a coiled lead amulet
 94918 | Geh:7    | Identified the cursed -3 hat of Ethics {rC++ Dex+2} (You
                  | found it on level 7 of Gehenna)
 94919 | Geh:7    | Identified the amulet "Lenlim" {+Rage rN+ Dex+4} (You found
                  | it on level 7 of Gehenna)
 94920 | Geh:7    | Identified the amulet "Yliwyghuho" {Inacc *Drain Str+4
                  | Dex+3} (You found it on level 7 of Gehenna)
 95123 | Coc:1    | Entered Level 1 of Cocytus
 95222 | Coc:1    | You fall through a shaft!
 95409 | Coc:7    | Entered Level 7 of Cocytus
 95682 | Coc:7    | Noticed a shard shrike
 95682 | Coc:7    | Noticed a shard shrike
 95683 | Coc:7    | Noticed a shard shrike
 95684 | Coc:7    | Noticed a shard shrike
 95687 | Coc:7    | Killed a shard shrike
 95688 | Coc:7    | Killed a shard shrike
 95688 | Coc:7    | Killed a shard shrike
 95692 | Coc:7    | Killed a shard shrike
 95779 | Coc:7    | Noticed a shard shrike
 95788 | Coc:7    | Noticed Antaeus
 95827 | Coc:7    | Killed Antaeus
 95836 | Coc:7    | Found the ring of the Mage {Wiz MR++ Int+3}
 95871 | Coc:7    | Got an icy rune of Zot
 95981 | Dis:1    | Entered Level 1 of the Iron City of Dis
 96058 | Dis:2    | You fall through a shaft for 2 floors!
 96736 | Dis:5    | Found a burning altar of Makhleb.
 96776 | Dis:5    | Reached skill level 10 in Translocations
 96989 | Dis:7    | Entered Level 7 of the Iron City of Dis
 97307 | Dis:7    | Found the +3 crown of Dyrovepreva {rElec Int+2 SInv}
 97381 | Dis:7    | Identified the ring of Fotay {rF+ rC- rN+ EV+3 Str+4} (You
                  | found it on level 7 of the Iron City of Dis)
 97546 | Dis:7    | Found the cursed +14 obsidian axe {chop, +Fly SInv *Curse}
 97596 | Dis:7    | Noticed the Serpent of Hell
 97893 | Dis:7    | Killed the Serpent of Hell
 97972 | Dis:7    | Noticed Dispater
 98022 | Dis:7    | Killed Dispater
 98066 | Dis:7    | Found the +5 demon whip "Spellbinder" {antimagic, MR+}
 98071 | Dis:7    | Got an iron rune of Zot
 98218 | Tar:1    | Entered Level 1 of Tartarus
 98633 | Tar:7    | Entered Level 7 of Tartarus
 98673 | Tar:7    | Reached skill level 27 in Fighting
 99048 | Tar:7    | Identified the +0 helmet "Opoodwuwa" {rElec rC- Str+3} (You
                  | found it on level 7 of Tartarus)
 99076 | Tar:7    | Noticed Ereshkigal
 99095 | Tar:7    | Killed Ereshkigal
 99129 | Tar:7    | Got a bone rune of Zot
 99498 | Zot:5    | Entered Level 5 of the Realm of Zot
 99567 | Zot:5    | Reached skill level 15 in Stealth
100619 | Zot:5    | Noticed an ancient lich
100653 | Zot:5    | Killed an ancient lich
100815 | Zot:5    | Noticed an orb of fire
100838 | Zot:5    | Killed an orb of fire
101000 | Zot:5    | Noticed an orb of fire
101039 | Zot:5    | Noticed an orb of fire
101051 | Zot:5    | Gained mutation: Armour fits poorly on your strangely
                  | shaped body. [an orb of fire]
101058 | Zot:5    | Killed an orb of fire
101392 | Zot:5    | Killed an orb of fire
101744 | Zot:5    | Got the Orb of Zot
101977 | Depths:4 | Noticed Nuneonong the pandemonium lord
102321 | D:1      | Noticed Xopriab the pandemonium lord
102327 | D:1      | Noticed Biohigu the pandemonium lord
102336 | D:1      | Killed Xopriab the pandemonium lord
102341 | D:1      | Killed Biohigu the pandemonium lord
102378 | D:$      | Escaped with the Orb!

Skill      XL: |  1  2  3  4  5  6  7  8  9 10 11 12 13 14 15 16 17 18 19 20 21 22 23 24 25 26 27 |
---------------+----------------------------------------------------------------------------------+-----
Fighting       | 2 3 4 5 6 8 9 10 11 13 14 15 16 17 18 19 27 | 27.0
Slings         | 1 2 3 4 5 7 8 10 11 12 | 12.0
Invocations    | 4 6 7 27 | 27.0
Short Blades   | 4 |  4.0
Axes           | 1 7 10 12 14 15 16 17 19 20 22 | 22.5
Armour         | 1 5 7 8 9 10 11 12 13 14 15 16 17 22 | 22.9
Evocations     | 5 6 7 8 10 12 | 12.0
Maces & Flails | 1 5 |  5.5
Dodging        | 3 5 10 11 12 13 21 | 21.3
Shields        | 3 7 10 13 15 18 | 18.7
Spellcasting   | 4 8 10 | 10.0
Translocations | 6 7 10 | 10.0
Summonings     | 9 11 12 13 | 13.0
Charms         | 12 | 12.1
Necromancy     | 7 |  7.1
Earth Magic    | 9 |  9.0
Stealth        | 15 | 15.0
Hexes          | 2 |  2.3
Air Magic      | 12 | 12.1
Throwing       | 14 | 14.4

Action                   |  1- 3 |  4- 6 |  7- 9 | 10-12 | 13-15 | 16-18 | 19-21 | 22-24 | 25-27 || total
-------------------------+-------+-------+-------+-------+-------+-------+-------+-------+-------++-------
Melee: Short sword       |    89 |       |       |       |       |       |       |       |       ||    89
       Dagger            |       |       |    75 |   175 |       |       |       |       |       ||   250
       Hand axe          |       |       |       |   203 |   557 |     5 |   414 |  1458 |   265 ||  2902
       Great mace        |       |       |       |    15 |       |       |       |       |       ||    15
       Unarmed           |       |       |       |     1 |       |       |       |       |       ||     1
       Dire flail        |       |       |       |    18 |    14 |     6 |       |       |       ||    38
       Flail             |       |       |       |       |    17 |       |       |       |       ||    17
       Demon whip        |       |       |       |       |   482 |   750 |  1500 |   753 |       ||  3485
       War axe           |       |       |       |       |       |   693 |       |       |       ||   693
       Morningstar       |       |       |       |       |       |    53 |    32 |    99 |     9 ||   193
       Broad axe         |       |       |       |       |       |       |       |    11 |  7260 ||  7271
       Peck              |       |       |       |       |       |       |       |       |  1350 ||  1350
 Fire: Hunting sling     |     7 |   208 |   294 |   594 |   831 |   366 |    26 |       |       ||  2326
       Blowgun           |       |       |       |    52 |    67 |   104 |       |       |    34 ||   257
Throw: Stone             |    65 |       |       |       |     1 |       |       |       |       ||    66
       Javelin           |       |       |       |       |       |       |       |       |   119 ||   119
       Throwing net      |       |       |       |       |       |       |       |       |     4 ||     4
 Cast: Blink             |       |       |       |       |       |       |       |       |     8 ||     8
       Aura of Abjuratio |       |       |       |       |       |       |       |       |    40 ||    40
       Apportation       |       |       |       |       |       |       |       |       |    62 ||    62
       Summon Lightning  |       |       |       |       |       |       |       |       |    33 ||    33
       Passwall          |       |       |       |       |       |       |       |       |    28 ||    28
       Portal Projectile |       |       |       |       |       |       |       |       |    27 ||    27
       Passage of Golubr |       |       |       |       |       |       |       |       |    19 ||    19
       Deflect Missiles  |       |       |       |       |       |       |       |       |    15 ||    15
       Summon Butterflie |       |       |       |       |       |       |       |       |     1 ||     1
Invok: Lesser Servant of |       |       |       |    23 |    21 |     4 |     2 |     9 |     4 ||    63
       Cleansing Flame   |       |       |       |       |       |       |       |       |   235 ||   235
       Divine Shield     |       |       |       |       |       |       |       |       |    28 ||    28
       Summon Divine War |       |       |       |       |       |       |       |       |    23 ||    23
       Brand Weapon With |       |       |       |       |       |       |       |       |     1 ||     1
 Abil: Evoke Berserk Rag |       |       |       |     2 |     1 |       |       |       |       ||     3
       Evoke Flight      |       |       |       |       |       |     2 |       |       |       ||     2
       Evoke Invisibilit |       |       |       |       |       |       |       |       |     2 ||     2
Evoke: Wand              |     5 |     5 |     9 |    27 |    41 |    36 |    18 |    22 |    79 ||   242
       Lightning rod     |       |       |       |     4 |    17 |    11 |    11 |     4 |    10 ||    57
       Fan of gales      |       |       |       |     1 |       |       |       |       |       ||     1
       Lamp of fire      |       |       |       |       |     4 |     3 |     2 |     1 |     4 ||    14
       Phial of floods   |       |       |       |       |       |       |       |       |     1 ||     1
       Sack of spiders   |       |       |       |       |       |       |       |       |     1 ||     1
  Use: Scroll            |       |     3 |     6 |     9 |    14 |    12 |     6 |    13 |   115 ||   178
       Potion            |       |       |       |     1 |     3 |     2 |     3 |     1 |    65 ||    75
 Stab: Paralysed         |       |       |     5 |       |    13 |    19 |     2 |    35 |    25 ||    99
       Distracted        |       |       |       |     2 |     2 |     2 |       |     3 |     3 ||    12
       Sleeping          |       |       |       |       |       |     1 |       |       |       ||     1
       Invisible         |       |       |       |       |       |       |    18 |       |     7 ||    25
  Eat: Chunk             |     1 |     6 |     6 |     6 |    21 |    21 |    11 |    16 |    12 ||   100
       Ration            |       |       |     2 |     7 |     4 |     5 |     4 |     8 |    59 ||    89
Armor: Leather armour    |    15 |    10 |     4 |    24 |       |       |       |       |       ||    53
       Animal skin       |       |     4 |    32 |       |       |       |       |       |       ||    36
       Chain mail        |       |       |       |   252 |   491 |    14 |       |       |       ||   757
       Scale mail        |       |       |       |       |    17 |       |       |       |       ||    17
       Ring mail         |       |       |       |       |       |   532 |   237 |   233 |    29 ||  1031
       Plate armour      |       |       |       |       |       |       |       |       |   658 ||   658
       Fire dragon scale |       |       |       |       |       |       |       |       |   989 ||   989
       Acid dragon scale |       |       |       |       |       |       |       |       |    32 ||    32
Dodge: Dodged            |    60 |    42 |   127 |   186 |   326 |   509 |   354 |   458 |  2566 ||  4628
       Deflected         |       |       |       |     3 |    10 |    15 |    40 |    44 |   125 ||   237
Block: Other             |       |       |       |       |    45 |     3 |       |       |       ||    48
       Reflection        |       |       |       |       |     3 |    22 |    81 |   116 |   169 ||   391
       Shield            |       |       |       |       |       |   754 |   926 |  1034 |  5829 ||  8543
